 Dungeon Crawl Stone Soup version 0.26-a0-610-g3e9335bbc7 (webtiles) character file.

Game seed: 5449782084442106046

31822 MrRokkomies the Geomancer (level 13, -14/71 HPs)
             Began as an Octopode Earth Elementalist on Sept 4, 2020.
             Was a Follower of Uskayaw.
             Killed from afar by a rime drake (30 damage)
             ... with a flash freeze
             ... on level 5 of the Lair of Beasts.
             The game lasted 00:48:11 (16753 turns).

MrRokkomies the Geomancer (OpEE)                   Turns: 16753, Time: 00:48:12

Health: -14/71     AC:  5    Str: 14    XL:     13   Next: 60%
Magic:  1/21       EV: 21    Int: 21    God:    Uskayaw [*.....]
Gold:   503        SH:  0    Dex: 20    Spells: 2/16 levels left

rFire    . . .     SeeInvis .   a - +4 short sword
rCold    + . .     Faith    .   (no shield)
rNeg     + . .     Spirit   .   (helmet restricted)
rPois    .         Reflect  .   f - amulet of regeneration
rElec    .         Harm     .   l - +4 ring of protection
rCorr    .                      s - ring of stealth
MR       .....                  F - ring of stealth
Stlth    ++++++++..             E - ring of protection from cold
HPRegen  0.61/turn              O - ring of the Mackerel {rN+ Str+6 Dex+7}
MPRegen  0.17/turn              (no ring)
                                (no ring)
                                (no ring)

@: about to teleport
A: almost no armour, stealthy swim, amphibious, 8 rings, constrict 8, camouflage
1, gelatinous body 1
a: Stomp, Renounce Religion


You were on level 5 of the Lair of Beasts.
You worshipped Uskayaw.
Uskayaw was aware of your devotion.
You visited 2 branches of the dungeon, and saw 17 of its levels.

You collected 1179 gold pieces.
You spent 676 gold pieces at shops.

Inventory:

Hand Weapons
 a - a +4 short sword (weapon)
 D - a +0 rapier
 P - a +0 demon whip
Missiles
 b - 467 stones
 g - 2 throwing nets
 i - 8 silver javelins
 j - 68 poisoned darts (quivered)
 B - 8 curare-tipped darts
Magical Staves
 G - an uncursed staff of air
 N - an uncursed staff of conjuration
Jewellery
 f - an amulet of regeneration (around mantle)
 l - a +4 ring of protection (left tentacle)
 s - a ring of stealth (right tentacle)
 E - a ring of protection from cold (on tentacle)
 F - a ring of stealth (on tentacle)
 O - the ring of the Mackerel (on tentacle) {rN+ Str+6 Dex+7}
   (You acquired it on level 9 of the Dungeon)

   [ring of strength]

   It affects your strength (+6).
   It affects your dexterity (+7).
   It protects you from negative energy.
Wands
 e - a wand of acid (5)
 u - a wand of digging (17)
 A - a wand of flame (27)
 L - a wand of polymorph (23)
 M - a wand of disintegration (16)
Scrolls
 n - 7 scrolls of remove curse
 o - 2 scrolls of amnesia
 r - a scroll of enchant weapon
 t - 4 scrolls of teleportation
 v - 3 scrolls of fog
 y - a scroll of magic mapping
 J - a scroll of identify
Potions
 c - 2 potions of cancellation
 d - 4 potions of brilliance
 h - 3 potions of curing
 k - 2 potions of mutation
 m - 2 potions of lignification
 p - a potion of stabbing {unknown}
 q - 5 potions of might
 w - 2 potions of resistance
 x - 2 potions of flight {unknown}
 z - a potion of invisibility {unknown}
 C - 2 potions of haste {unknown}
Miscellaneous
 H - a phantom mirror (inert)
 I - a condenser vane (1/2)


   Skills:
 + Level 9.1 Short Blades
 - Level 10.0 Dodging
 - Level 10.0 Stealth
 + Level 2.3 Spellcasting
 - Level 8.0 Transmutations
 - Level 12.0 Earth Magic
 * Level 1.9 Poison Magic
 * Level 11.1 Invocations


You had 2 spell levels left.
You knew the following spells:

 Your Spells              Type           Power        Failure   Level
a - Sandblast             Erth           ######       1%          1
b - Passwall              Tmut/Erth      #####...     1%          2
c - Petrify               Tmut/Erth      #####...     2%          4
d - Lee's Rapid Deconstr  Erth           ######....   3%          5
e - Poisonous Vapours     Pois/Air       #.....       14%         2

Your spell library contained the following spells:

 Spells                   Type           Power        Failure   Level
 Beastly Appendage        Tmut           #####.       1%          1
 Sting                    Tmut/Pois      ###.         1%          1
 Wereblood                Tmut           #####...     1%          2
 Shock                    Conj/Air       #...         14%         1
 Swiftness                Air            #.......     22%         2
 Stone Arrow              Conj/Erth      ####..       3%          3
 Spider Form              Tmut/Pois      ###.......   5%          3
 Ignite Poison            Fire/Tmut/Pois ###.....     11%         3
 Blade Hands              Tmut           #####.....   16%         5
 Ice Form                 Ice/Tmut       ###.....     28%         4
 Mephitic Cloud           Conj/Pois/Air  #.......     32%         3
 Static Discharge         Conj/Air       #.......     41%         3
 Olgreb's Toxic Radiance  Pois           ##......     54%         4
 Airstrike                Air            #.........   82%         4
 Lightning Bolt           Conj/Air       #.........   99%         5


Dungeon Overview and Level Annotations

Branches:
Dungeon (12/15)            Temple (0/1) D:5            Lair (5/6) D:11
  Swamp (0/4) Lair:2        Snake (0/4) Lair:2
  Slime: Lair:5-6       Orc: D:9-12

Altars:
Ashenzari
Cheibriados
Dithmenos
Elyvilon
Fedhas
Gozag
Kikubaaqudgha
Makhleb
Nemelex Xobeh
Okawaru
Qazlal
Ru
Sif Muna
Uskayaw
Xom
Yredelemnul
Zin

Shops:
D:5 (   D:6 :   D:9 ?

Annotations:
D:6 Prince Ribbit
D:8 3 runed translucent doors, fly's ghost, novice TrDe
D:12 Rupert
Lair:1 3 runed translucent doors, Xosut's ghost, journeyman GnAK
Lair:5 Snorg


Innate Abilities, Weirdness & Mutations

You cannot wear most types of armour.
You are very stealthy in the water. (Stealth+)
You are amphibious.
You can wear up to eight rings at the same time.
You can use your tentacles to constrict eight enemies at once.
Your skin changes colour to match your surroundings (Stealth+).
Your rubbery body absorbs attacks. (AC +1, EV +1)


Message History

Snorg closely misses Snorg.
Snorg claws Snorg.
Snorg misses Snorg.
Snorg bites Snorg!!
Snorg claws Snorg. x2; Snorg bites Snorg!
Snorg claws Snorg! x2
Snorg bites Snorg!!
Snorg dies!
Snorg's corpse shimmers and vanishes!
You see here a hippogriff corpse.
Okay, then.
Unknown command.
As you read the scroll of teleportation, it crumbles to dust.
You feel strangely unstable. The ice encasing you melts away.
The rime drake misses you. Snorg bites you!
* * * LOW HITPOINT WARNING * * *
Snorg misses you. Snorg claws you.
* * * LOW HITPOINT WARNING * * *
The rime drake breathes ice at you. The flash freeze hits you!!
You partially resist.
You die...

..+. ...... ...P.......
..###...##.... .###.......
..#P.........# #<.....#
........^....##########.......
..............##.P##.PP.......
..............................
..............................
...........k..................
..........†T.@................
............?..P!##.#.........
.PP.#P.........#..###........#
..P ##..#./..........##.....##
. ....#...................#
......#...................?
#.....#.......#....#......#.
##.....P.....P#...#........#
PP#.........###...


You could see Snorg (berserk) and a rime drake (catching breath).

Vanquished Creatures
  5 hydras
  Erica (Lair:2)
  2 two-headed ogres
  Nergalle (Lair:3)
  An unseen horror (D:10)
  An ugly thing (D:12)
  A manticore (D:11)
  A centaur zombie (D:12)
  3 elephants (Lair:3)
  2 black mambas
  3 cane toads
  Maggie (D:6)
  3 komodo dragons
  3 trolls
  Grinder (D:5)
  16 blink frogs
  7 dream sheep (Lair:4)
  5 hippogriffs
  A wraith (D:12)
  2 wyverns
  2 shadows
  28 yaks
  2 steam dragons
  Duvessa (D:6)
  3 porcupines
  3 water moccasins
  3 orc warriors
  2 black bears
  5 sky beasts
  4 ice beasts
  2 ogres
  2 phantoms
  7 necrophages (Lair:3)
  9 centaurs
  3 wolves (Lair:4)
  11 crocodiles
  19 bullfrogs
  2 big kobolds
  A wyvern zombie (D:12)
  Dowan (D:6)
  A water moccasin zombie (D:7)
  A wyvern skeleton (D:9)
  A scorpion (D:11)
  8 killer bees
  An electric eel (D:9)
  6 howler monkeys
  8 wights
  3 bullfrog zombies
  A jelly (D:10)
  8 orc priests
  15 orc wizards
  Crazy Yiuf (D:3)
  6 hounds
  7 bullfrog skeletons
  3 centaur skeletons
  4 iguanas
  Natasha (thrice) (D:4)
  Terence (D:2)
  7 worker ants
  2 killer bee zombies
  2 hound skeletons
  2 worker ant zombies
  A howler monkey skeleton (D:11)
  13 adders
  2 shadow imps
  3 white imps
  3 ufetubi
  2 oozes
  2 adder skeletons
  4 dart slugs
  A worm (D:4)
  8 leopard geckos
  39 orcs
  6 bats
  7 giant cockroaches
  17 goblins
  9 hobgoblins
  9 jackals
  5 quokkas
  2 ball pythons
  4 frilled lizards
  15 kobolds
  A leopard gecko skeleton (D:4)
  A leopard gecko zombie (D:5)
  A quokka skeleton (D:4)
  10 rats
426 creatures vanquished.

Vanquished Creatures (collateral kills)
  A hydra (Lair:2)
1 creature vanquished.

Vanquished Creatures (others)
  8 fungi
  14 plants
22 creatures vanquished.

Grand Total: 449 creatures vanquished

Notes
Turn   | Place    | Note
-------+----------+-------------------------------------------
     0 | D:1      | MrRokkomies the Octopode Earth Elementalist began the quest
                  | for the Orb.
     0 | D:1      | Reached XP level 1. HP: 11/11 MP: 3/3
   345 | D:1      | Reached XP level 2. HP: 15/17 MP: 5/5
   795 | D:1      | Reached XP level 3. HP: 17/21 MP: 6/6
  1428 | D:2      | Reached XP level 4. HP: 27/27 MP: 5/7
  1452 | D:2      | Learned a level 2 spell: Passwall
  1457 | D:2      | Learned a level 4 spell: Petrify
  1635 | D:2      | Reached skill level 4 in Earth Magic
  1701 | D:2      | Noticed Terence
  1710 | D:2      | Killed Terence
  1710 | D:2      | Reached XP level 5. HP: 25/31 MP: 8/8
  1914 | D:2      | Found a basalt altar of Yredelemnul.
  1917 | D:2      | Found a burning altar of Makhleb.
  1917 | D:2      | Found a sparkling altar of Nemelex Xobeh.
  1918 | D:2      | Found a shimmering blue altar of Sif Muna.
  1918 | D:2      | Found a stormy altar of Qazlal.
  1933 | D:2      | Found a hide-covered altar of Uskayaw.
  1951 | D:2      | Found a shattered altar of Ashenzari.
  1971 | D:2      | Became a worshipper of Uskayaw the Reveler
  2047 | D:3      | Reached * piety under Uskayaw
  2141 | D:3      | Noticed a centaur
  2154 | D:3      | Reached ** piety under Uskayaw
  2155 | D:3      | Killed a centaur
  2155 | D:3      | Reached XP level 6. HP: 24/36 MP: 6/9
  2155 | D:3      | Reached *** piety under Uskayaw
  2639 | D:3      | Found a runed translucent door.
  2640 | D:3      | Noticed Crazy Yiuf
  2651 | D:3      | Killed Crazy Yiuf
  2808 | D:4      | Reached skill level 5 in Earth Magic
  2808 | D:4      | Reached **** piety under Uskayaw
  2817 | D:4      | Reached ***** piety under Uskayaw
  2892 | D:4      | Noticed Natasha
  2894 | D:4      | Found a shadowy altar of Dithmenos.
  2900 | D:4      | Killed Natasha
  2900 | D:4      | Reached skill level 5 in Stealth
  2953 | D:4      | Reached XP level 7. HP: 41/41 MP: 10/10
  3047 | D:4      | Found a sacrificial altar of Ru.
  3358 | D:4      | Found an ancient bone altar of Kikubaaqudgha.
  3471 | D:4      | Found a white marble altar of Elyvilon.
  3627 | D:4      | Noticed Natasha
  3651 | D:4      | Killed Natasha
  3687 | D:4      | Noticed Natasha
  3700 | D:4      | Killed Natasha
  3726 | D:5      | Entered Level 5 of the Dungeon
  3828 | D:5      | Reached skill level 6 in Earth Magic
  3828 | D:5      | Reached XP level 8. HP: 42/46 MP: 11/11
  3841 | D:5      | Reached skill level 5 in Dodging
  4203 | D:5      | Found Qecin's Antique Weapon Shop.
  4218 | D:5      | Found a staircase to the Ecumenical Temple.
  4431 | D:5      | Found an opulent altar of Gozag.
  4433 | D:5      | Noticed Grinder
  4446 | D:5      | Paralysed by Grinder for 4 turns
  4453 | D:5      | Killed Grinder
  4453 | D:5      | Reached skill level 5 in Transmutations
  4879 | D:6      | Reached skill level 7 in Earth Magic
  4928 | D:6      | Noticed Duvessa
  4928 | D:6      | Noticed Dowan
  4959 | D:6      | Killed Duvessa
  4959 | D:6      | Reached XP level 9. HP: 45/51 MP: 6/12
  4968 | D:6      | Killed Dowan
  5108 | D:6      | Noticed Maggie
  5128 | D:6      | Killed Maggie
  5137 | D:6      | Noticed Prince Ribbit
  5374 | D:6      | Found Teduerae's Book Shoppe.
  5609 | D:6      | Found a sparkling altar of Nemelex Xobeh.
  5866 | D:7      | Reached skill level 8 in Earth Magic
  6083 | D:7      | Learned a level 5 spell: Lee's Rapid Deconstruction
  6702 | D:8      | Reached XP level 10. HP: 56/56 MP: 7/13
  6747 | D:8      | Found a glowing silver altar of Zin.
  6897 | D:8      | Reached skill level 9 in Earth Magic
  7070 | D:8      | Found a snail-covered altar of Cheibriados.
  7427 | D:8      | Reached skill level 1 in Invocations
  7448 | D:8      | Found a runed translucent gate.
  7448 | D:8      | Found a runed translucent gate.
  7448 | D:8      | Found a runed translucent gate.
  7802 | D:8      | Noticed fly's ghost (novice TrDe)
  8040 | D:9      | Found a shimmering altar of Xom.
  8098 | D:9      | Noticed a two-headed ogre
  8144 | D:9      | Killed a two-headed ogre
  8231 | D:9      | Reached skill level 10 in Earth Magic
  8375 | D:9      | Reached XP level 11. HP: 27/61 MP: 3/14
  8582 | D:9      | Learned a level 2 spell: Poisonous Vapours
  8637 | D:9      | Reached skill level 10 in Stealth
  8674 | D:9      | Found a blossoming altar of Fedhas.
  9137 | D:9      | Found Jomueffio's Magic Scroll Shoppe.
  9143 | D:9      | Reached skill level 5 in Invocations
  9238 | D:10     | Entered Level 10 of the Dungeon
  9433 | D:10     | Reached skill level 1 in Short Blades
  9685 | D:10     | Killed an unseen horror
 10287 | D:11     | Noticed a two-headed ogre
 10301 | D:11     | Killed a two-headed ogre
 10440 | D:11     | Noticed a manticore
 10447 | D:11     | Killed a manticore
 11115 | D:11     | Found a staircase to the Lair.
 11387 | D:12     | Reached skill level 11 in Earth Magic
 11387 | D:12     | Reached XP level 12. HP: 50/66 MP: 17/17
 11482 | D:12     | Reached skill level 5 in Short Blades
 11593 | D:12     | Noticed Rupert
 11755 | Lair:1   | Entered Level 1 of the Lair of Beasts
 11817 | Lair:1   | Noticed an eight-headed hydra
 11857 | Lair:1   | Killed an eight-headed hydra
 12132 | D:9      | Bought a scroll of acquirement for 676 gold pieces
 12132 | D:9      | Acquired the ring of the Mackerel {rN+ Str+6 Dex+7}
 12430 | Lair:1   | Noticed an eight-headed hydra
 12485 | Lair:1   | Killed an eight-headed hydra
 12702 | Lair:1   | Noticed a four-headed hydra
 12733 | Lair:1   | Killed a four-headed hydra
 12940 | Lair:1   | Found a runed translucent gate.
 12940 | Lair:1   | Found a runed translucent gate.
 12941 | Lair:1   | Found a runed translucent gate.
 12941 | Lair:1   | Noticed a 12-headed hydra
 12943 | Lair:1   | Noticed Xosut's ghost (journeyman GnAK)
 12999 | Lair:1   | Noticed a 12-headed hydra
 13371 | Lair:2   | Found a staircase to the Swamp.
 13371 | Lair:2   | Noticed a seven-headed hydra
 13390 | Lair:2   | Killed a seven-headed hydra
 13483 | Lair:2   | You fall into a shaft and drop 2 floors!
 13958 | Lair:3   | Reached XP level 13. HP: 71/71 MP: 9/20
 13966 | Lair:3   | Reached skill level 10 in Invocations
 14293 | Lair:3   | Noticed Nergalle
 14303 | Lair:3   | Killed Nergalle
 14729 | Lair:2   | Found a staircase to the Snake Pit.
 14800 | Lair:2   | Noticed Erica
 14943 | Lair:2   | Killed Erica
 15297 | Lair:4   | Found an iron altar of Okawaru.
 15994 | Lair:4   | Reached skill level 10 in Dodging
 16009 | Lair:4   | Reached skill level 12 in Earth Magic
 16686 | Lair:5   | Reached skill level 1 in Poison Magic
 16739 | Lair:5   | Noticed Snorg
 16753 | Lair:5   | Killed from afar by a rime drake

Illustrated notes

Levels and vault maps discovered:
D:1:      dpeg_arrival_boxorama, layout_rooms, glass_columns_b
D:2:      layout_rooms, grunt_temple_overflow_octagram, minmay_tetromino_s4,
          uniq_terence
D:3:      layout_loops_ring, minmay_misc_feat_tiny, uniq_crazy_yiuf_cottage
D:4:      layout_basic, lemuel_coloured_pillars_altar, elyvilon_altar_3,
          kiku_gazebo_pond_becter, grunt_dithmenos_smoke_and_mirrors,
          uniq_natasha
D:5:      layout_gridville, nicolae_gozag_cash_rules_everything_around_me,
          minmay_temple_entry_glassed_door, serial_shops,
          nicolae_shop_behind_doors, st_stairs_12, uniq_grinder
D:6:      layout_basic, serial_shops, shop, nemelex_diamond_rough_becter,
          uniq_maggie, uniq_duvessa, uniq_prince_ribbit1
D:7:      layout_loops_ring
D:8:      layout_cave_pools, cheibriados_altar_1, kennysheep_little_box,
          gammafunk_ghost_necromancy, minmay_splitting_lines
D:9:      cheibrodos_helix_gallery, layout_loops_ring, lemuel_crystal_altar,
          nicolae_overflow_crystal_walls, serial_shops, nicolae_shop_trees
D:10:     layout_rooms
D:11:     layout_stronghold, erik_lair_dragon
D:12:     layout_basic, orc_0_dummy, uniq_rupert
Lair:1:   layout_cave_pods, gammafunk_ghost_hydra_chop,
          nicolae_lair_grove_arrangements, st_stairs_7, minivault_26,
          lemuel_fruit_fields
Lair:2:   layout_roguey, swamp_mist, lemuel_fruit_tree, uniq_erica
Lair:3:   layout_hall_layers, roderic_carrion_pond, uniq_nergalle
Lair:4:   layout_layer_cave, basic_altar, grunt_megastairs_3,
          infiniplex_staircase_pool_2, serial_bayou_shore_b
Lair:5:   dpeg_oklob_gauntlet, layout_regular_city,
          gammafunk_ghost_abyssal_escape, uniq_sonja, uniq_snorg

Skill      XL: |  1  2  3  4  5  6  7  8  9 10 11 12 13 |
---------------+----------------------------------------+-----
Stealth        | 3 4 5 7 8 9 10 | 10.0
Dodging        | 3 4 5 6 7 8 9 10 | 10.0
Earth Magic    | 4 5 6 7 8 10 11 12 | 12.0
Transmutations | 2 3 5 7 8 |  8.0
Invocations    | 4 7 9 11 | 11.1
Short Blades   | 4 7 9 |  9.1
Poison Magic   | 1 |  1.9
Spellcasting   | |  2.3

Action                   |  1- 3 |  4- 6 |  7- 9 | 10-12 | 13-15 || total
-------------------------+-------+-------+-------+-------+-------++-------
Melee: Unarmed           |    26 |       |       |       |       ||    26
       Constrict         |    27 |    28 |    56 |    67 |    24 ||   202
       Tentacles         |    18 |    19 |    60 |    89 |    46 ||   232
       Short sword       |    73 |   145 |   348 |   373 |   142 ||  1081
       Rapier            |       |       |       |   145 |       ||   145
Throw: Dart              |     1 |     5 |     3 |       |       ||     9
 Cast: Sandblast         |     5 |     2 |    53 |    98 |     2 ||   160
       Petrify           |       |       |     5 |    42 |    19 ||    66
       Lee's Rapid Decon |       |       |       |     5 |    12 ||    17
       Poisonous Vapours |       |       |       |     2 |       ||     2
Invok: Stomp             |       |       |       |     5 |       ||     5
Evoke: Wand              |       |       |       |     5 |       ||     5
       Phantom mirror    |       |       |       |     1 |     1 ||     2
       Condenser vane    |       |       |       |       |     1 ||     1
  Use: Scroll            |     3 |       |    12 |    13 |     4 ||    32
       Potion            |       |     1 |     2 |     2 |     2 ||     7
 Stab: Sleeping          |     6 |    15 |    24 |    54 |     6 ||   105
       Paralysed         |       |     1 |     8 |    22 |     7 ||    38
       Distracted        |       |       |     1 |     1 |     3 ||     5
       Petrified         |       |       |     6 |    51 |    16 ||    73
       Petrifying        |       |       |     1 |     3 |       ||     4
Armor: Skin              |    15 |    24 |    61 |   100 |     7 ||   207
Dodge: Dodged            |    74 |   116 |   272 |   521 |   101 ||  1084

Table legend: (Time is in decaauts)
 A = Elapsed time spent in this place.
 B = Non-inter-level travel time spent in this place.
 C = Inter-level travel time spent in this place.
 D = Time resting spent in this place.
 E = Time spent auto-exploring this place.
 F = Levels seen in this place.
 G = Mean time per level.
                   A        B        C        D        E       F      G
               +--------+--------+--------+--------+--------+-----+--------+
         Total |  16767 |  15841 |    926 |    885 |  11319 |  17 |  986.3 |
       Dungeon |  12152 |  11381 |    771 |    675 |   7893 |  12 | 1012.7 |
          Lair |   4614 |   4459 |    155 |    210 |   3426 |   5 |  922.8 |
               +--------+--------+--------+--------+--------+-----+--------+

Top non-repeatable levels by time:
    D:11: 1621 daAuts
  Lair:4: 1514 daAuts
     D:1: 1444 daAuts
     D:9: 1350 daAuts
     D:6: 1166 daAuts
     D:7: 1160 daAuts
  Lair:1: 1121 daAuts
  Lair:3: 1018 daAuts
     D:4: 999 daAuts
     D:8: 978 daAuts
     D:5: 971 daAuts
  Lair:2: 877 daAuts
    D:10: 812 daAuts
     D:3: 744 daAuts
     D:2: 569 daAuts
